IL
DURHAM BULLS @ TOLEDO MUD HENS
06/03/2098
 
TOP OF THE 1ST
Durham Bulls batting - Pitching for Toledo Mud Hens : RHP Denny Marshall
Pitching: RHP Denny Marshall
Batting: RHB David Vorel 0-0: Ground out 6-3 (Groundball, 6, EV 81.3 MPH)
Batting: RHB Edgar Rivas 0-0: Fly out, F8 (Flyball, 8RS, EV 78.1 MPH)
Batting: RHB Allen Castellanos 0-0: Ground out 6-3 (Groundball, 6, EV 91.3 MPH)
Top of the 1st over - 0 runs, 0 hits, 0 errors, 0 left on base; Durham 0 - Toledo 0
BOTTOM OF THE 1ST
Toledo Mud Hens batting - Pitching for Durham Bulls : RHP Steve Black
Pitching: RHP Steve Black
Batting: RHB Jonah Brookhart 0-0: Ball
1-0: Ball
2-0: Called Strike
2-1: Ball
3-1: Called Strike
3-2: Strikes out looking
Batting: LHB Marcus Peterson 0-0: Ball
1-0: Foul Ball, location: 2F
1-1: Swinging Strike
1-2: Ball
2-2: Foul Ball, location: 5SF
2-2: Strikes out swinging
Batting: LHB Denny Marshall 0-0: Ball
1-0: Ground out 6-3 (Groundball, 6, EV 83.8 MPH)
Bottom of the 1st over - 0 runs, 0 hits, 0 errors, 0 left on base; Durham 0 - Toledo 0
TOP OF THE 2ND
Durham Bulls batting - Pitching for Toledo Mud Hens : RHP Denny Marshall
Batting: RHB Adam Western 0-0: Ball
1-0: Ball
2-0: Foul Ball, location: 23F
2-1: Foul Ball, location: 5F
2-2: Ball
3-2: Base on Balls
Batting: SHB Willie Torres 0-0: Called Strike
0-1: Ball
1-1: DOUBLE (Flyball, 8RXD, EV 108.1 MPH)
Adam Western to third
Batting: LHB Adam Jensen 0-0: Fly out, F9 (Flyball, 9D, EV 100.0 MPH)
Runner from 3rd tags up, SCORES, no throw by RF
Willie Torres to third
Batting: LHB Bettino Sanguinacco 0-0: Ball
1-0: Fly out, F7 (Flyball, 7D, EV 99.4 MPH)
Runner from 3rd tags up, SCORES, throw by LF
Batting: RHB A.J. Adair 0-0: Called Strike
0-1: Ball
1-1: Ball
2-1: Ground out 6-3 (Groundball, 6, EV 88.8 MPH)
Top of the 2nd over - 2 runs, 1 hit, 0 errors, 0 left on base; Durham 2 - Toledo 0
BOTTOM OF THE 2ND
Toledo Mud Hens batting - Pitching for Durham Bulls : RHP Steve Black
Batting: SHB Mike Knighten 0-0: Called Strike
0-1: Fly out, F8 (Flyball, 8RD, EV 86.9 MPH)
Batting: RHB Oscar Torres 0-0: SINGLE (Line Drive, 56D, EV 102.5 MPH)
Batting: LHB Chris Johnson 0-0: Grounds into double play, 6-4-3 (Groundball, 6, EV 82.5 MPH)
Bottom of the 2nd over - 0 runs, 1 hit, 0 errors, 0 left on base; Durham 2 - Toledo 0
TOP OF THE 3RD
Durham Bulls batting - Pitching for Toledo Mud Hens : RHP Denny Marshall
Batting: RHB Mark Fousek 0-0: Ball
1-0: Ground out 5-3 (Groundball, 56, EV 84.4 MPH)
Batting: RHB David Vorel 0-0: Ball
1-0: Ground out 5-3 (Groundball, 56, EV 97.5 MPH)
Batting: RHB Edgar Rivas 0-0: Fly out, F8 (Flyball, 8RM, EV 96.3 MPH)
Top of the 3rd over - 0 runs, 0 hits, 0 errors, 0 left on base; Durham 2 - Toledo 0
BOTTOM OF THE 3RD
Toledo Mud Hens batting - Pitching for Durham Bulls : RHP Steve Black
Batting: LHB Jason Schneider 0-0: Called Strike
0-1: Ball
1-1: Foul Ball, location: 2F
1-2: Foul Ball, location: 3F
1-2: Ball
2-2: Fly out, F7 (Flyball, 7LS, EV 90.0 MPH)
Batting: LHB Justin Kenworthy 0-0: Fly out, F5 (Popup, 5SF, EV 83.1 MPH)
Batting: RHB Javier Flores 0-0: Ball
1-0: Foul Ball, location: 5F
1-1: Called Strike
1-2: Strikes out swinging
Bottom of the 3rd over - 0 runs, 0 hits, 0 errors, 0 left on base; Durham 2 - Toledo 0
TOP OF THE 4TH
Durham Bulls batting - Pitching for Toledo Mud Hens : RHP Denny Marshall
Batting: RHB Allen Castellanos 0-0: Called Strike
0-1: Called Strike
0-2: Ball
1-2: Ball
2-2: Fly out, F8 (Flyball, 78D, EV 104.4 MPH)
Batting: RHB Adam Western 0-0: Ball
1-0: Foul Ball, location: 7LMF
1-1: Ball
2-1: Called Strike
2-2: Ground out 6-3 (Groundball, 6, EV 107.5 MPH)
Batting: SHB Willie Torres 0-0: Ball
1-0: Called Strike
1-1: Foul Ball, location: 2F
1-2: Ball
2-2: Ball
3-2: Foul Ball, location: 7LMF
3-2: SOLO HOME RUN (Flyball, 9D, EV 93.1 MPH), Distance : 355 ft
Batting: LHB Adam Jensen 0-0: Called Strike
0-1: SINGLE (Groundball, 4MD, EV 103.1 MPH)
Batting: LHB Bettino Sanguinacco 0-0: Called Strike
0-1: Foul Ball, location: 9LSFF
0-2: Ball
1-2: Fly out, F9 (Line Drive, 9, EV 99.4 MPH)
Top of the 4th over - 1 run, 2 hits, 0 errors, 1 left on base; Durham 3 - Toledo 0
BOTTOM OF THE 4TH
Toledo Mud Hens batting - Pitching for Durham Bulls : RHP Steve Black
Batting: RHB Jonah Brookhart 0-0: Ball
1-0: Called Strike
1-1: Ground out 6-3 (Groundball, 6, EV 80.6 MPH)
Batting: LHB Marcus Peterson 0-0: Swinging Strike
0-1: Foul Ball, location: 5DF
0-2: Ball
1-2: Ball
2-2: Foul Ball, location: 9LDF
2-2: Foul Ball, location: 23FF
2-2: Strikes out swinging
Batting: LHB Denny Marshall 0-0: Ball
1-0: Foul Ball, location: 9LMF
1-1: Swinging Strike
1-2: Strikes out swinging
Bottom of the 4th over - 0 runs, 0 hits, 0 errors, 0 left on base; Durham 3 - Toledo 0
TOP OF THE 5TH
Durham Bulls batting - Pitching for Toledo Mud Hens : RHP Denny Marshall
Batting: RHB A.J. Adair 0-0: Ball
1-0: Foul Ball, location: 25F
1-1: SINGLE (Groundball, 4MD, EV 100.0 MPH)
Batting: RHB Mark Fousek 0-0: Ball
1-0: Called Strike
1-1: Fly out, F9 (Flyball, 9, EV 86.3 MPH)
Batting: RHB David Vorel 0-0: Fly out, F7 (Flyball, 7D, EV 104.4 MPH)
Batting: RHB Edgar Rivas 0-0: Foul Ball, location: 9LMF
0-1: Ball
1-1: Ball
2-1: Called Strike
2-2: Fly out, F9 (Flyball, 9LD, EV 107.5 MPH)
Top of the 5th over - 0 runs, 1 hit, 0 errors, 1 left on base; Durham 3 - Toledo 0
BOTTOM OF THE 5TH
Toledo Mud Hens batting - Pitching for Durham Bulls : RHP Steve Black
Batting: SHB Mike Knighten 0-0: Ball
1-0: Ball
2-0: Foul Ball, location: 5F
2-1: Swinging Strike
2-2: Foul Ball, location: 2F
2-2: Foul Ball, location: 7LMF
2-2: Strikes out swinging
Batting: RHB Oscar Torres 0-0: Ball
1-0: Foul Ball, location: 7LMF
1-1: Swinging Strike
1-2: Strikes out looking
Batting: LHB Chris Johnson 0-0: Foul Ball, location: 25F
0-1: Called Strike
0-2: Strikes out swinging
Bottom of the 5th over - 0 runs, 0 hits, 0 errors, 0 left on base; Durham 3 - Toledo 0
TOP OF THE 6TH
Durham Bulls batting - Pitching for Toledo Mud Hens : RHP Denny Marshall
Batting: RHB Allen Castellanos 0-0: Ball
1-0: Ground out 6-3 (Groundball, 6, EV 83.8 MPH)
Batting: RHB Adam Western 0-0: Swinging Strike
0-1: SINGLE (Line Drive, 8LS, EV 98.8 MPH)
Batting: SHB Willie Torres 0-0: Called Strike
0-1: Foul Ball, location: 2F
0-2: Ball
1-2: Ball
2-2: Fly out, F7 (Line Drive, 7S, EV 97.5 MPH)
Batting: LHB Adam Jensen 0-0: Called Strike
0-1: Ball
1-1: Ground out 4-3 (Groundball, 4S, EV 75.0 MPH)
Top of the 6th over - 0 runs, 1 hit, 0 errors, 1 left on base; Durham 3 - Toledo 0
BOTTOM OF THE 6TH
Toledo Mud Hens batting - Pitching for Durham Bulls : RHP Steve Black
Batting: LHB Jason Schneider 0-0: Ball
1-0: Called Strike
1-1: Foul Ball, location: 2F
1-2: Strikes out swinging
Batting: LHB Justin Kenworthy 0-0: Ball
1-0: Ball
2-0: Called Strike
2-1: Foul Ball, location: 2F
2-2: Fly out, F7 (Flyball, 78M, EV 90.0 MPH)
Batting: RHB Javier Flores 0-0: Fly out, F7 (Flyball, 7, EV 90.0 MPH)
Bottom of the 6th over - 0 runs, 0 hits, 0 errors, 0 left on base; Durham 3 - Toledo 0
TOP OF THE 7TH
Durham Bulls batting - Pitching for Toledo Mud Hens : RHP Denny Marshall
Batting: LHB Bettino Sanguinacco 0-0: Foul Ball, location: 2RF
0-1: Fly out, F5 (Popup, 5SF, EV 91.9 MPH)
Batting: RHB A.J. Adair 0-0: Ball
1-0: Ball
2-0: Ball
3-0: Base on Balls
Batting: RHB Mark Fousek 0-0: Ball
1-0: Swinging Strike
1-1: Called Strike
1-2: Foul Ball, location: 2LF
1-2: Foul Ball, location: 2F
1-2: Foul Ball, location: 2F
1-2: Fly out, F9 (Flyball, 9D, EV 90.0 MPH)
Batting: RHB David Vorel 0-0: Ball
A.J. Adair is caught stealing 2nd base 2-4
Top of the 7th over - 0 runs, 0 hits, 0 errors, 0 left on base; Durham 3 - Toledo 0
BOTTOM OF THE 7TH
Toledo Mud Hens batting - Pitching for Durham Bulls : RHP Steve Black
Batting: RHB Jonah Brookhart 0-0: Ball
1-0: Called Strike
1-1: DOUBLE (Line Drive, 78M, EV 103.8 MPH)
Batting: LHB Marcus Peterson 0-0: Ball
1-0: Fly out, F8 (Flyball, 8RD, EV 99.4 MPH)
Batting: LHB Denny Marshall 0-0: Called Strike
0-1: Ball
1-1: Fly out, F8 (Line Drive, 8RM, EV 79.4 MPH)
Batting: SHB Mike Knighten 0-0: Called Strike
0-1: Ball
1-1: Called Strike
1-2: Foul Ball, location: 2F
1-2: Ball
2-2: Strikes out looking
Bottom of the 7th over - 0 runs, 1 hit, 0 errors, 1 left on base; Durham 3 - Toledo 0
TOP OF THE 8TH
Durham Bulls batting - Pitching for Toledo Mud Hens : RHP Denny Marshall
Pitching: RHP Danny Haertel
Batting: RHB David Vorel 0-0: Called Strike
0-1: Ball
1-1: Fly out, F9 (Flyball, 89S, EV 96.3 MPH)
Batting: RHB Edgar Rivas 0-0: Ball
1-0: Ball
2-0: Called Strike
2-1: Ball
3-1: Base on Balls
Batting: RHB Allen Castellanos 0-0: Called Strike
0-1: Foul Ball, location: 5FF
0-2: Ground out 4-3 (Groundball, 4S, EV 69.4 MPH)
Edgar Rivas to second
Batting: RHB Adam Western 0-0: Called Strike
0-1: Called Strike
0-2: Strikes out swinging, 2-3 out at first.
Top of the 8th over - 0 runs, 0 hits, 0 errors, 1 left on base; Durham 3 - Toledo 0
BOTTOM OF THE 8TH
Toledo Mud Hens batting - Pitching for Durham Bulls : RHP Steve Black
Batting: RHB Oscar Torres 0-0: Called Strike
0-1: Ball
1-1: Ball
2-1: Fly out, F7 (Flyball, 78XD, EV 83.1 MPH)
Batting: LHB Chris Johnson 0-0: Ball
1-0: Ball
2-0: Foul Ball, location: 3FF
2-1: Called Strike
2-2: Strikes out swinging
Batting: LHB Jason Schneider 0-0: DOUBLE (Line Drive, 3D, EV 105.0 MPH)
Batting: LHB Justin Kenworthy 0-0: Called Strike
0-1: Ball
1-1: Called Strike
1-2: Ball
2-2: Foul Ball, location: 2F
2-2: Ground out 5-3 (Groundball, 5L, EV 83.1 MPH)
Bottom of the 8th over - 0 runs, 1 hit, 0 errors, 1 left on base; Durham 3 - Toledo 0
TOP OF THE 9TH
Durham Bulls batting - Pitching for Toledo Mud Hens : RHP Danny Haertel
Batting: SHB Willie Torres 0-0: Called Strike
0-1: Ball
1-1: Ball
2-1: Foul Ball, location: 3F
2-2: Ball
3-2: Fly out, F9 (Flyball, 89M, EV 91.3 MPH)
Pitching: LHP Kevin Swanson
Batting: LHB Adam Jensen 0-0: Ball
1-0: Swinging Strike
1-1: Foul Ball, location: 2F
1-2: Ball
2-2: Strikes out swinging
Pinch Hitting: RHB Pat Zinn 0-0: Ball
1-0: Foul Ball, location: 3F
1-1: Ball
2-1: Ball
3-1: Base on Balls
Batting: RHB A.J. Adair 0-0: Foul Ball, location: 2F
0-1: Ball
1-1: Ball
2-1: Ball
3-1: Fly out, F8 (Flyball, 8RD, EV 92.5 MPH)
Top of the 9th over - 0 runs, 0 hits, 0 errors, 1 left on base; Durham 3 - Toledo 0
BOTTOM OF THE 9TH
Toledo Mud Hens batting - Pitching for Durham Bulls : RHP Steve Black
Now at 1B: Pat Zinn
Batting: RHB Javier Flores 0-0: Ball
1-0: Ball
2-0: Called Strike
2-1: Foul Ball, location: 2F
2-2: Foul Ball, location: 2LF
2-2: Ball
3-2: SINGLE (Groundball, 6MD, EV 95.0 MPH)
Batting: RHB Jonah Brookhart 0-0: Ball
1-0: Foul Ball, location: 2F
1-1: Fly out, F8 (Line Drive, 89M, EV 103.1 MPH)
Batting: LHB Marcus Peterson 0-0: Called Strike
0-1: Ball
1-1: Ball
2-1: Ball
3-1: Foul Ball, location: 2RF
3-2: Strikes out swinging
Batting: LHB Denny Marshall 0-0: Fly out, F8 (Flyball, 8LD, EV 106.3 MPH)
Bottom of the 9th over - 0 runs, 1 hit, 0 errors, 1 left on base; Durham 3 - Toledo 0
Saturday, April 6th , 2024 - OOTP Baseball 24.11 Build 85